 Dungeon Crawl Stone Soup version 0.24-a0-84-g25a2d9f (webtiles) character file.

Game seed: 3013004339864554664

390 Kairos the Chopper (level 6, -2/32 HPs)
             Began as a Vine Stalker Fighter on Feb 7, 2019.
             Slain by a gnoll
             ... wielding a +0 spear of flaming
              (4 damage)
             ... on level 3 of the Dungeon.
             The game lasted 00:04:09 (2587 turns).

Kairos the Chopper (Vine Stalker Fighter)           Turns: 2587, Time: 00:04:10

Health: -2/32      AC:  6    Str: 26    XL:     6   Next: 80%
Magic:  0/7        EV:  8    Int:  8    God:
Gold:   187        SH: 10    Dex: 13    Spells: 5/5 levels left

rFire    . . .     SeeInvis .   a - +0 war axe
rCold    . . .     Gourm    .   c - +0 shield
rNeg     . . .     Faith    .   b - +0 scale mail
rPois    .         Spirit   +   (no helmet)
rElec    .         Reflect  .   (no cloak)
rCorr    .         Harm     .   (no gloves)
MR       .....                  (no boots)
Stlth    ..........             (no amulet)
HPRegen  0.50/turn              (no ring)
MPRegen  0.10/turn              (no ring)

@: mighty
A: fangs 2, regeneration 1, magic shield, antimagic bite, no potion heal 3, rot
immunity
a: no special abilities


You were on level 3 of the Dungeon.
You were very hungry.

You visited 1 branch of the dungeon, and saw 3 of its levels.
You also visited: Sewer.

You collected 187 gold pieces.

Inventory:

Hand Weapons
 a - a +0 war axe (weapon)
Armour
 b - a +0 scale mail (worn)
 c - a +0 shield (worn)
Scrolls
 e - a scroll of remove curse {unknown}
 i - 3 scrolls of teleportation
 n - a scroll of fear
 o - a scroll of noise {unknown}
 p - 2 scrolls of identify {unknown}
 t - a scroll of immolation {unknown}
 v - a scroll of fog {unknown}
Potions
 d - a potion of might
 g - a potion of berserk rage {unknown}
 h - a potion of cancellation {unknown}
 j - 6 potions of curing {unknown}
 k - 2 potions of agility {unknown}
 l - 4 potions of flight {unknown}
 m - a potion of mutation {unknown}
 q - a potion of lignification {unknown}
 r - 2 potions of haste {unknown}
 s - 3 potions of brilliance {unknown}
 u - 3 potions of heal wounds {unknown}
Comestibles
 f - 4 rations


   Skills:
 + Level 3.6 Fighting
 + Level 4.3 Axes
 + Level 3.1 Armour
 + Level 1.4 Dodging
 + Level 3.7 Shields


You had 5 spell levels left.
You didn't know any spells.
Your spell library contained the following spells:

 Spells                   Type           Power        Failure   Level  Hunger
 Corona                   Hex            #......      99%         1    ##.....


Dungeon Overview and Level Annotations

Branches:
Dungeon (3/15)

Altars:
Cheibriados
Kikubaaqudgha
Sif Muna
Vehumet
Yredelemnul

Annotations:
D:3 2 runed translucent doors, Ratty's ghost, amateur MiFi


Innate Abilities, Weirdness & Mutations

You have extremely sharp teeth.
Your natural rate of healing is unusually fast.
When hurt, damage is shared between your health and your magic reserves.
Your bite disrupts and absorbs the magic of your enemies.
Potions cannot restore your health.
You are immune to rotting.


Message History

You block the gnoll's attack.
You barely miss the gnoll.
The gnoll hits you from afar with a +0 spear of flaming!
The gnoll burns you. You block the gnoll's attack.
You barely miss the gnoll. You bite the gnoll. You drain its power.
You feel invigorated.
The gnoll is moderately wounded.
The gnoll hits you from afar with a +0 spear of flaming!
* * * LOW HITPOINT WARNING * * *
The gnoll burns you.
* * * LOW HITPOINT WARNING * * *
You block the gnoll's attack.
The gnoll hits you from afar with a +0 spear of flaming.
* * * LOW HITPOINT WARNING * * *
The gnoll burns you.
* * * LOW HITPOINT WARNING * * *
You slash the gnoll!
You kill the gnoll!
The gnoll hits you from afar with a +0 spear of flaming.
You die...

############
#..g..gg.g.#
#####.########.#
###### ...g..###
#.############._.8
........#
#g)@........#8...#
#######.#
##############...##
#.# ##8##.#.#
#.#########
#...#...##
#....†...(#
#_....⌠..#
#########.#
#...#..#.# #.#
##8##.##.. #.#
####...8## #.#
#.#8...#


You could see a gnoll.

Vanquished Creatures
  2 big kobolds (Sewer)
  7 adders
  3 gnolls (D:3)
  5 river rats
  An ooze (Sewer)
  3 dart slugs
  3 leopard geckos (D:1)
  2 orcs (D:3)
  8 goblins
  10 hobgoblins
  4 jackals (D:2)
  19 kobolds
  7 ball pythons
  11 bats
  6 frilled lizards
  25 rats
116 creatures vanquished.

Notes
Turn   | Place    | Note
-------+----------+-------------------------------------------
     0 | D:1      | Kairos the Vine Stalker Fighter began the quest for the
                  | Orb.
     0 | D:1      | Reached XP level 1. HP: 11/11 MP: 2/2
    58 | D:1      | Reached XP level 2. HP: 14/16 MP: 3/3
    59 | D:1      | Reached skill level 2 in Axes
   211 | D:1      | Reached XP level 3. HP: 20/20 MP: 4/4
   800 | D:2      | Found a snail-covered altar of Cheibriados.
  1039 | D:2      | Gained mutation: Your natural rate of healing is unusually
                  | fast. [Vine Stalker growth]
  1039 | D:2      | Reached XP level 4. HP: 24/24 MP: 5/5
  1271 | D:2      | Found a basalt altar of Yredelemnul.
  1591 | D:3      | Found a glowing drain.
  1601 | D:3      | Reached skill level 3 in Axes
  1606 | D:3      | Reached XP level 5. HP: 27/28 MP: 4/6
  1608 | Sewer    | Entered a sewer
  1690 | Sewer    | Reached skill level 1 in Dodging
  1978 | Sewer    | Noticed a big kobold
  1978 | Sewer    | Noticed a big kobold
  1988 | Sewer    | Killed a big kobold
  1988 | Sewer    | Reached skill level 4 in Axes
  1988 | Sewer    | Reached XP level 6. HP: 24/32 MP: 4/7
  2148 | D:3      | Found a runed translucent door.
  2218 | D:3      | Noticed Ratty's ghost (amateur MiFi)
  2236 | D:3      | Found a runed translucent door.
  2412 | D:3      | Found a radiant altar of Vehumet.
  2412 | D:3      | Found an ancient bone altar of Kikubaaqudgha.
  2413 | D:3      | Found a deep blue altar of Sif Muna.
  2419 | D:3      | Identified Sif Muna's Compendium of Bewitchment
  2549 | D:3      | HP: 1/32 [gnoll/+0 spear of flaming (1)]
  2587 | D:3      | Slain by a gnoll

Levels and vault maps discovered:

Skill      XL: |  1  2  3  4  5 |
---------------+----------------+-----
Axes           | 2 3 4 |  4.3
Fighting       | 3 |  3.6
Shields        | 3 |  3.7
Dodging        | 1 |  1.4
Armour         | 3 |  3.1

Action                   |  1- 3 |  4- 6 || total
-------------------------+-------+-------++-------
Melee: War axe           |    88 |   192 ||   280
       Bite              |    22 |    45 ||    67
  Use: Scroll            |     1 |     1 ||     2
       Potion            |       |     1 ||     1
  Eat: Chunk             |       |     5 ||     5
Armor: Scale mail        |    51 |    99 ||   150
Dodge: Dodged            |    35 |    68 ||   103
Block: Shield            |    60 |   125 ||   185

Table legend:
 A = Non-vault XP
 B = Vault XP
 C = Vault XP percentage of total XP
 D = Non-vault monster count
 E = Vault monster count
 F = Vault count percentage of total count
                 A         B        C        D         E       F
            +---------+---------+-------+---------+---------+-------
      Total |     216 |     342 |  61.3 |      65 |      51 |  44.0
            +---------+---------+-------+---------+---------+-------
        D:1 |      51 |       0 |   0.0 |      24 |       0 |   0.0
        D:2 |      91 |       0 |   0.0 |      26 |       0 |   0.0
        D:3 |      74 |      17 |  18.7 |      15 |       3 |  16.7
      Sewer |       0 |     325 | 100.0 |       0 |      48 | 100.0
            +---------+---------+-------+---------+---------+-------
